Map: Eternal Empire LE

Players

Vindicta - Winner!

  • Race: Terran Terran
  • League: Master
  • Spawn Location: 1:00

DisK

  • Race: Protoss Protoss
  • League: Grandmaster
  • Spawn Location: 7:00

Event: DreamHack SC2 Masters 2020 Fall

VOD

Have the link to the VOD?

Description

Time

  • Played on: Sept. 5, 2020, 4:10 p.m.
  • Length: 24:58

All games in this series

Show
View Real Time Build Order
Export as new Build Order

Vindicta Terran - Winner!

Build Orders: Reaper Expand 

Get SALT Encoding   

  12  0:00  SCV  
  13  0:12  SCV  
  14  0:17  Supply Depot  
  14  0:25  SCV  
  15  0:38  SCV  
  15  0:40  Barracks  
  16  0:44  Refinery  
  16  0:51  SCV  
  17  1:03  SCV  
  18  1:15  SCV  
  19  1:27  Reaper  
  19  1:28  Orbital Command  
  20  1:51  Command Center  
  20  1:53  SCV  
  21  1:59  Marine  
  21  2:00  Supply Depot  
  22  2:05  SCV  
  23  2:13  Factory  
  23  2:21  Barracks Reactor  
  23  2:24  SCV  
  23  2:27  Bunker  
  24  2:31  Refinery  
  24  2:36  SCV  
  25  2:48  SCV  
  25  3:00  SCV  
  25  3:02  Marine x2  
  28  3:11  Widow Mine  
  30  3:17  Starport  
  30  3:19  SCV  
  31  3:20  Marine  
  31  3:22  Orbital Command  
  32  3:27  Marine  
  32  3:31  SCV  
  32  3:32  Widow Mine  
  36  3:37  Marine  
  36  3:39  Supply Depot  
  37  3:43  SCV  
  37  3:47  SCV  
  39  3:49  Marine  
  39  3:54  Medivac  
  39  3:55  SCV, Factory Tech Lab  
  43  3:59  SCV  
  43  4:02  Supply Depot, Marine  
  45  4:07  SCV  
  46  4:11  Marine  
  46  4:14  Siege Tank  
  46  4:16  SCV  
  50  4:19  SCV  
  50  4:21  Marine  
  50  4:24  Liberator  
  52  4:28  SCV  
  52  4:29  Marine  
  57  4:31  SCV, Supply Depot  
  58  4:39  Marine  
  58  4:40  SCV  
  58  4:44  SCV  
  61  4:47  Marine  
  61  4:48  Command Center  
  62  4:53  Siege Tank  
  62  4:56  SCV  
  62  4:57  Marine  
  62  4:59  SCV  
  68  5:05  Barracks x2  
  68  5:08  Starport Tech Lab  
  68  5:09  SCV  
  68  5:12  SCV  
  70  5:16  Supply Depot  
  70  5:17  Supply Depot  
  70  5:27  Refinery x2  
  70  5:37  Starport Reactor, Marine x2  
  70  5:38  SCV x2  
  70  5:39  Supply Depot  
  74  5:43  Factory Reactor  
  74  5:45  Engineering Bay x2  
  74  5:50  SCV x2  
  74  5:55  Marine  
  78  6:02  SCV x2, Orbital Command  
  79  6:07  Combat Shield  
  79  6:08  Stimpack  
  79  6:10  Marauder x2  
  83  6:14  SCV  
  83  6:17  Terran Infantry Weapons Level 1, Terran Infantry Armor Level 1  
  82  6:22  Marine  
  82  6:23  Marine  
  82  6:24  Medivac, Widow Mine x2  
  86  6:30  Missile Turret  
  86  6:34  Marauder  
  86  6:39  Supply Depot, Marauder  
  90  6:45  Widow Mine x2  
  94  6:50  Barracks  
  94  6:51  Marine x2, Barracks  
  94  6:53  Medivac  
  95  6:55  Medivac  
  95  6:56  Marauder  
  95  6:57  Orbital Command  
  95  6:59  Marine  
  101  7:08  SCV x2  
  101  7:11  Widow Mine  
  104  7:17  Marauder, Marine x2  
  104  7:18  Marauder  
  104  7:20  SCV, Ghost Academy  
  104  7:21  SCV  
  104  7:22  SCV  
  112  7:26  Supply Depot, Missile Turret  
  112  7:27  Supply Depot, Missile Turret  
  112  7:33  Medivac x2, Missile Turret  
  112  7:34  SCV  
  112  7:36  Marine  
  117  7:40  Barracks Reactor, Barracks Tech Lab  
  117  7:48  SCV x3, Missile Turret  
  117  7:49  Concussive Shells  
  119  7:53  Refinery x2  
  119  7:55  Widow Mine  
  117  7:59  Marine x2  
  117  8:00  SCV x2, Marauder  
  117  8:02  Enhanced Shockwaves  
  123  8:09  Bunker  
  123  8:10  SCV  
  123  8:12  SCV  
  123  8:14  Marine  
  123  8:15  Marauder, Marine  
  123  8:17  SCV, Marine  
  127  8:21  Ghost  
  127  8:23  Supply Depot  
  127  8:26  Supply Depot  
  129  8:28  Supply Depot  
  129  8:32  Ghost  
  131  8:38  Marine  
  131  8:39  Armory, Marauder, Marine  
  131  8:42  Supply Depot  
  131  8:43  Widow Mine  
  131  8:44  SCV  
  131  8:48  SCV, Command Center  
  135  8:49  Marine  
  135  8:50  Marauder  
  138  8:59  Medivac, Ghost  
  142  9:08  Marine x2, Widow Mine  
  142  9:09  Ghost  
  148  9:14  Missile Turret  
  148  9:15  Supply Depot x2, Marine  
  148  9:16  Marine x2  
  150  9:22  Widow Mine  
  150  9:25  Marine  
  150  9:26  Marine  
  154  9:33  Supply Depot, Marine  
  154  9:35  Supply Depot, Marauder  
  154  9:36  Marine  
  154  9:37  Supply Depot  
  154  9:38  Marauder, Liberator x2  
  160  9:43  Marine  
  160  9:54  Terran Infantry Armor Level 2  
  160  9:58  Marauder, Marine x2  
  162  10:08  Terran Infantry Weapons Level 2  
  162  10:09  Barracks  
  162  10:11  Widow Mine, Barracks  
  161  10:16  Marine x2  
  161  10:17  Marauder, Widow Mine  
  161  10:21  Medivac, Marine x2, Liberator  
  162  10:22  Marauder, Marine  
  172  10:31  Planetary Fortress  
  172  10:32  Widow Mine  
  172  10:33  Marine  
  175  10:39  Widow Mine, Marine  
  175  10:40  Marauder, Marine  
  175  10:41  Marauder  
  180  10:47  Missile Turret  
  180  10:50  SCV  
  180  10:51  Unknown  
  180  10:54  Ghost, Widow Mine  
  185  10:58  SCV x2  
  185  10:59  Barracks Tech Lab  
  187  11:04  Ghost  
  185  11:12  Barracks Tech Lab, Liberator  
  185  11:14  Medivac  
  188  11:19  Marine  
  188  11:24  Ghost  
  190  11:26  SCV x2  
  190  11:30  Ghost  
  190  11:37  Ghost  
  190  11:38  Marine  
  190  11:39  Marauder  
  187  11:40  SCV x2  
  187  11:42  Marine  
  187  11:45  SCV  
  189  11:48  Ghost  
  189  11:54  Ghost  
  183  11:58  SCV  
  183  12:00  SCV  
  185  12:06  Medivac  
  185  12:07  Widow Mine  
  172  12:09  Medivac  
  172  12:12  SCV x2  
  172  12:13  SCV  
  172  12:14  SCV  
  172  12:15  Ghost  
  176  12:24  SCV x2  
  176  12:25  SCV  
  176  12:28  Widow Mine  
  176  12:29  Widow Mine  
  181  12:37  Ghost  
  181  12:39  SCV  
  181  12:42  Terran Infantry Weapons Level 3  
  175  12:47  Marauder  
  175  12:48  Medivac  
  175  12:50  Command Center, Widow Mine  
  171  12:52  Marauder  
  171  12:53  Marine  
  171  12:54  Marauder, Marine  
  171  12:56  Widow Mine  
  161  12:59  Marauder, Marine x2  
  161  13:04  Medivac  
  165  13:06  Marauder  
  165  13:08  Marine  
  165  13:09  SCV  
  165  13:10  Missile Turret  
  165  13:11  Missile Turret, Marine x2, Widow Mine  
  170  13:13  Marauder  
  170  13:15  Marine  
  170  13:17  Marine x2  
  170  13:18  Terran Infantry Armor Level 3  
  175  13:26  Marauder  
  179  13:31  Ghost  
  179  13:32  Missile Turret  
  179  13:33  Ghost, Missile Turret  
  183  13:35  Marine  
  183  13:36  Missile Turret  
  183  13:37  Marine  
  183  13:39  Marauder  
  187  13:42  Widow Mine  
  187  13:43  Widow Mine  
  187  13:47  Sensor Tower  
  187  13:48  Sensor Tower  
  189  13:53  Marauder x2  
  193  14:00  Missile Turret  
  193  14:02  Marine  
  194  14:05  Marine  
  194  14:06  Marauder  
  175  14:13  Marauder  
  175  14:14  Marine  
  175  14:15  Marauder  
  176  14:23  Marauder x2, Marine x2  
  182  14:25  Marine  
  182  14:27  Marauder  
  182  14:30  Liberator  
  188  14:31  Liberator  
  188  14:32  Marine  
  188  14:35  Marauder  
  188  14:36  Marine  
  188  14:37  Planetary Fortress  
  195  14:43  Missile Turret, Refinery  
  195  14:44  Terran Ship Weapons Level 1, Refinery, Starport, Fusion Core  
  188  14:53  Marauder  
  186  15:01  Marauder  
  186  15:05  Marine  
  186  15:06  Marauder  
  169  15:07  Marauder  
  169  15:09  Marine x2  
  169  15:11  Marine x2  
  169  15:13  Liberator  
  162  15:14  Marine, Liberator  
  166  15:22  Marine  
  166  15:23  Marine  
  166  15:27  Marauder, Marine x2  
  172  15:29  Marauder, Marine  
  174  15:36  Marine  
  174  15:37  Starport Reactor  
  174  15:38  Advanced Ballistics  
  175  15:48  Marauder x2, Marine x3  
  175  15:49  Marauder, Marine  
  184  15:50  Marauder  
  184  15:54  Marine, Hi-Sec Auto Tracking  
  184  15:56  Liberator  
  185  15:57  Liberator  
  185  16:06  Marine  
  185  16:10  Marauder x3  
  185  16:11  Ghost x2  
  180  16:17  Liberator  
  187  16:19  Liberator  
  190  16:30  Personal Cloaking  
  190  16:31  Marauder  
  192  16:35  Ghost Academy  
  192  16:37  Command Center, Ghost Academy  
  192  16:39  Liberator  
  195  16:40  Liberator  
  190  16:52  Marine  
  189  16:55  Marine  
  189  16:58  SCV  
  189  17:00  Marine x2, Liberator  
  183  17:02  SCV, Liberator  
  188  17:11  SCV  
  171  17:19  Nuke  
  171  17:20  Marine, Nuke  
  171  17:22  Marauder, Marine, Liberator  
  173  17:23  Liberator  
  173  17:29  Marauder, Marine x3  
  179  17:30  Marauder  
  179  17:31  Marine  
  180  17:38  Marine  
  180  17:40  Marine  
  180  17:43  Marauder, Liberator  
  187  17:47  Marine  
  187  17:48  Orbital Command  
  184  17:54  Viking  
  184  17:57  Marine  
  191  18:05  Viking  
  188  18:10  Liberator  
  179  18:24  Liberator  
  179  18:26  Nuke  
  182  18:28  Liberator  
  182  18:30  Missile Turret, Marine  
  182  18:31  Marauder, Marine  
  184  18:38  Marine  
  184  18:40  Terran Ship Weapons Level 2  
  179  18:44  Liberator  
  179  18:47  Planetary Fortress  
  180  18:50  Nuke  
  180  18:53  Medivac  
  180  19:03  Command Center, Marine  
  180  19:04  Marine x2  
  180  19:07  Viking  
  185  19:12  Viking  
  187  19:21  Ghost  
  187  19:22  Ghost x2  
  187  19:23  Viking  
  195  19:26  Ghost  
  195  19:29  Ghost  
  199  19:34  Nuke  
  199  19:42  Liberator  
  197  19:47  Refinery, Marine x2  
  197  19:48  Marine  
  197  19:50  Marine  
  198  20:20  Liberator  
  198  20:21  Marine  
  197  20:36  Ghost  
  197  20:37  Ghost  
  197  20:38  Marauder  
  200  20:56  Barracks  
  199  21:00  Barracks  
  196  21:11  Liberator  
  196  21:16  Marine  
  200  21:20  Marauder, Marine x2  
  200  21:21  Liberator  
  195  21:28  Marine  
  195  21:29  Marauder, Liberator  
  195  21:31  Marine  
  182  21:37  Medivac  
  182  21:39  Marauder x2, Marine x3  
  185  21:42  Marauder  
  185  21:46  Marine  
  183  21:49  Marauder  
  183  21:50  Marauder  
  183  21:52  Command Center  
  187  21:54  Medivac  
  187  21:57  Marine x3  
  187  22:00  Marauder  
  187  22:01  Marauder  
  190  22:03  Marauder  
  190  22:04  Medivac, Marine  
  190  22:07  Medivac  
  190  22:08  Nuke  
  199  22:15  Refinery  
  199  22:17  Command Center  
  199  22:24  Unknown  
  198  22:30  Ghost  
  198  22:31  Ghost  
  200  22:43  Planetary Fortress  
  198  22:51  Liberator  
  198  22:52  Unknown, Missile Turret  
  198  22:54  Marauder, Marine  
  198  22:55  Ghost  
  198  22:56  Ghost  
  153  22:58  Marine x2  
  153  22:59  Marauder, Marine  
  153  23:00  Marauder, Marine  
  153  23:02  Medivac  
  157  23:08  Orbital Command  
  157  23:10  Medivac  
  157  23:11  Marine  
  160  23:16  Marauder, Marine x2  
  160  23:17  Marine  
  160  23:18  Marine  
  154  23:20  Marauder  
  154  23:22  Marauder  
  154  23:23  Medivac, Ghost  
  154  23:24  Marine  
  148  23:27  Widow Mine  
  148  23:29  Marine  
  148  23:34  Marine x2  
  151  23:35  Marine x2  
  151  23:37  Marauder  
  157  23:41  Marine  
  157  23:42  Marine  
  157  23:43  Medivac x2, Marauder  
  157  23:47  Marine  
  166  23:51  Barracks x2  
  166  23:52  Marine x4  
  166  23:53  SCV, Marine, Liberator  
  174  23:56  SCV x2  
  174  23:57  Marine  
  174  23:58  Marine  
  174  23:59  Marine  
  174  24:00  SCV, Marine  
  180  24:04  Marine  
  180  24:05  Marine  
  180  24:08  Medivac  
  180  24:09  Marine  
  184  24:10  Marine x3  
  184  24:11  Refinery, Marine  
  184  24:15  Refinery, Missile Turret, Marine  
  184  24:16  Marine  
  190  24:17  Marine  
  190  24:18  Marine  
  190  24:22  Marauder  
  190  24:23  Marine  
  192  24:27  Medivac, Marine x2  
  192  24:28  Marine x2  
  192  24:29  Marine  
  197  24:33  Marine  
  197  24:35  Marine  
Show
View Real Time Build Order
Export as new Build Order

DisK Protoss 

Build Orders: 1 Gate Expand, Blink Stalkers 

Get SALT Encoding   

  12  0:00  Probe  
  13  0:12  Probe  
  14  0:17  Pylon  
  14  0:24  Probe  
  15  0:35  Gateway  
  15  0:38  Probe (Chrono Boost)  
  16  0:47  Probe (Chrono Boost), Assimilator  
  17  0:52  Probe (Chrono Boost)  
  19  1:04  Probe  
  19  1:16  Probe  
  20  1:22  Cybernetics Core  
  20  1:34  Nexus  
  20  1:41  Pylon  
  20  1:44  Probe  
  21  1:50  Assimilator  
  21  1:56  Probe  
  21  1:57  Adept (Chrono Boost)  
  24  2:02  Warp Gate  
  24  2:12  Probe  
  25  2:18  Stalker (Chrono Boost)  
  27  2:28  Probe  
  28  2:41  Probe (Chrono Boost), Twilight Council  
  29  2:44  Stalker  
  29  2:47  Probe (Chrono Boost)  
  34  2:58  Probe x2 (Chrono Boost)  
  34  3:03  Probe (Chrono Boost)  
  34  3:05  Probe (Chrono Boost)  
  36  3:13  Probe  
  36  3:14  Gateway  
  36  3:16  Probe  
  36  3:19  Blink (Chrono Boost)  
  38  3:25  Probe  
  39  3:29  Probe  
  40  3:36  Robotics Facility  
  40  3:37  Probe  
  40  3:41  Probe  
  40  3:49  Probe, Pylon  
  40  3:51  Sentry  
  40  3:53  Probe  
  44  4:01  Probe  
  45  4:05  Probe  
  46  4:11  Stalker  
  46  4:12  Nexus  
  46  4:13  Probe  
  49  4:17  Probe  
  49  4:20  Pylon  
  49  4:22  Stalker  
  49  4:23  Observer  
  53  4:26  Probe  
  54  4:32  Assimilator  
  54  4:35  Gateway  
  54  4:37  Gateway  
  54  4:38  Probe  
  54  4:41  Forge  
  54  4:43  Probe  
  56  4:47  Stalker  
  56  4:48  Observer  
  59  4:57  Stalker  
  59  4:58  Probe  
  62  5:05  Pylon  
  62  5:07  Pylon  
  62  5:08  Charge  
  62  5:18  Protoss Ground Weapons Level 1 (Chrono Boost)  
  62  5:23  Probe x2  
  64  5:30  Stalker  
  64  5:34  Stalker  
  64  5:35  Probe (Chrono Boost)  
  70  5:36  Probe (Chrono Boost)  
  70  5:39  Gateway  
  70  5:41  Gateway  
  70  5:42  Gateway  
  70  5:45  Probe x2 (Chrono Boost), Gateway  
  70  5:48  Probe (Chrono Boost)  
  73  5:50  Pylon  
  73  5:51  Probe  
  73  5:54  Probe  
  75  5:57  Stalker  
  75  5:58  Probe  
  75  6:03  Probe  
  77  6:06  Probe  
  76  6:18  Stalker x2  
  76  6:25  Probe x2 (Chrono Boost)  
  75  6:28  Probe (Chrono Boost)  
  76  6:37  Probe x2 (Chrono Boost), Pylon  
  76  6:40  Probe (Chrono Boost)  
  76  6:43  Probe (Chrono Boost), Stalker x2  
  79  6:51  Probe  
  79  6:52  Probe  
  79  6:53  Zealot x2  
  85  6:58  Probe, Sentry x2  
  90  7:03  Zealot x2  
  90  7:04  Probe  
  90  7:06  Pylon  
  95  7:17  Probe x3  
  95  7:20  Assimilator  
  95  7:22  Templar Archives  
  98  7:24  Assimilator  
  98  7:28  Pylon, Protoss Ground Armor Level 1 (Chrono Boost)  
  98  7:29  Probe x3  
  101  7:31  Pylon  
  101  7:37  Zealot x3  
  101  7:41  Probe x2  
  109  7:45  Immortal, Assimilator  
  113  7:58  Zealot x5  
  111  8:00  Shield Battery  
  111  8:02  Zealot  
  121  8:06  Zealot  
  121  8:07  Zealot  
  121  8:10  Probe  
  124  8:20  Shield Battery  
  124  8:23  Zealot x3  
  124  8:24  Zealot  
  132  8:27  Pylon  
  132  8:28  Pylon  
  132  8:30  Pylon  
  130  8:43  Stalker  
  130  8:44  Probe  
  130  8:45  Probe x2  
  135  8:49  High Templar x4  
  135  8:53  Zealot x3  
  135  8:55  Archon  
  149  8:56  Archon  
  149  8:59  Robotics Bay  
  149  9:02  Psionic Storm  
  149  9:09  Nexus  
  146  9:23  High Templar x2  
  150  9:24  Pylon  
  150  9:25  High Templar  
  150  9:26  Observer  
  152  9:37  High Templar  
  154  9:42  Zealot x3  
  154  9:43  Warp Prism, Pylon, Zealot  
  162  9:45  Pylon  
  162  9:47  Pylon  
  162  9:48  Protoss Ground Weapons Level 2  
  160  9:52  Pylon  
  156  10:05  Zealot x7  
  168  10:19  Disruptor  
  168  10:21  Zealot  
  166  10:30  Zealot  
  166  10:31  Zealot x5  
  166  10:33  Observer  
  158  10:44  Stalker x2  
  160  10:56  Stalker  
  160  10:57  Stalker x4  
  164  10:58  Disruptor  
  164  11:01  Robotics Facility  
  173  11:06  Probe x3  
  168  11:20  Stalker  
  168  11:21  Stalker x3, Zealot x4  
  174  11:39  Disruptor  
  171  11:56  Stalker  
  171  11:59  Disruptor  
  161  12:13  Zealot x7  
  161  12:15  Disruptor  
  167  12:17  Protoss Ground Armor Level 2 (Chrono Boost)  
  167  12:19  Pylon x2  
  157  12:56  Nexus  
  139  12:59  Zealot  
  139  13:00  Zealot x7  
  147  13:06  Gateway  
  147  13:08  Gateway  
  147  13:12  Disruptor x2, Observer  
  136  13:18  Pylon  
  139  13:22  Pylon  
  139  13:33  Pylon  
  139  13:38  Zealot x8  
  155  13:54  Disruptor x2 (Chrono Boost)  
  157  14:17  Zealot x4  
  157  14:18  Zealot x6  
  157  14:23  Assimilator x2  
  177  14:24  Shield Battery  
  177  14:26  Photon Cannon  
  177  14:35  Observer  
  173  14:40  Zealot x10  
  173  14:42  Observer  
  186  15:03  Protoss Ground Weapons Level 3 (Chrono Boost)  
  178  15:26  Disruptor x2  
  184  15:30  High Templar x3  
  184  15:31  High Templar x4  
  184  15:35  Nexus  
  194  15:44  Gravitic Boosters (Chrono Boost)  
  194  15:57  Stalker x3  
  180  16:15  Pylon  
  180  16:17  Unknown, Dark Shrine  
  180  16:23  Colossus (Chrono Boost)  
  179  16:26  Observer (Chrono Boost)  
  179  16:27  Nexus  
  186  16:37  Extended Thermal Lance (Chrono Boost)  
  186  16:46  Photon Cannon  
  186  16:48  Photon Cannon  
  186  16:49  Shield Battery  
  186  16:51  Pylon  
  170  16:58  Zealot x9  
  164  17:11  Colossus  
  164  17:14  Stalker  
  167  17:21  Stalker x2  
  161  17:36  Shadow Stride (Chrono Boost)  
  159  17:43  Archon  
  159  17:44  Gateway x2  
  157  17:49  Stalker x2  
  157  17:50  Stalker x2  
  157  17:52  Stalker x2  
  157  17:53  Stalker  
  157  18:03  Probe x5  
  160  18:15  Probe x3  
  160  18:19  High Templar x3  
  167  18:23  Stalker x3  
  165  18:56  Zealot  
  165  18:57  Zealot x8  
  165  18:59  Probe  
  180  19:16  Probe x2  
  180  19:17  Probe x3  
  182  19:18  Probe  
  175  19:57  Dark Templar  
  175  19:58  Dark Templar x7  
  172  20:21  Stalker x3  
  172  20:22  Stalker  
  174  20:37  High Templar x6  
  171  20:55  Disruptor (Chrono Boost)  
  174  21:05  Disruptor (Chrono Boost)  
  142  21:37  Zealot x7  
  142  21:38  Zealot x4  
  123  22:03  Nexus  
  123  22:23  Observer (Chrono Boost)  
  124  22:32  Disruptor (Chrono Boost)  
  127  22:38  Probe  
  127  22:39  Probe  
  127  22:41  Disruptor (Chrono Boost)  
  124  22:59  Archon  
  124  23:08  Zealot x7  
  124  23:25  Probe x4  
  124  23:26  Unknown  
  124  23:37  Probe  
  117  24:01  Nexus  
  117  24:10  Disruptor (Chrono Boost)  
  120  24:19  Zealot x5  
  121  24:36  Zealot x4  

Tags
 
Add a new tag
Caveats
  • Supply blocks, unpowered buildings, or Contaminate may cause inaccurate times.
  • Supply counts are checked every 10 seconds.